 Dungeon Crawl Stone Soup version 0.21.1-1-g345015f (webtiles) character file.

1047012 sanboga the Axe Maniac (level 27, -14/199 HPs)
             Began as a Gargoyle Berserker on May 18, 2018.
             Was the Champion of Zin.
             Splashed by an acid blob's acid (17 damage)
             ... on level 2 of the Pits of Slime on May 21, 2018.
             The game lasted 03:35:36 (81655 turns).

sanboga the Axe Maniac (Gargoyle Berserker)        Turns: 81655, Time: 03:35:36

Health: -14/199    AC: 33    Str: 32    XL:     27
Magic:  62/62      EV:  9    Int: 14    God:    Zin [******]
Gold:   1639       SH:  0    Dex: 11    Spells: 26/26 levels left

rFire    + + +     SeeInvis +   r - +9 executioner's axe (holy)
rCold    + + +     Gourm    .   (shield currently unavailable)
rNeg     + + +     Faith    .   G - +4 gold dragon scales
rPois    ∞         Spirit   .   I - +3 hat of Gehenna {+Blink}
rElec    +         Reflect  .   w - +2 cloak {rC+}
rCorr    .         Harm     .   J - +2 pair of gloves of Wogej {*Drain rPois rF+++ Dex+3}
MR       ++...                  T - +0 pair of boots "Zosemur" {Int+7 Dex+3 Slay+2}
Stlth    ..........             W - amulet "Paptosul" {rF+ rN+ Regen+ Dex-4 SInv}
HPRegen  0.83/turn              n - ring of the Planets {rC+ MP+9 Int-3 SInv}
MPRegen  0.38/turn              v - ring of the Ego {rElec rF+ rN+ MP+9 Stlth-}

@: corroded, flying, very slightly contaminated
A: big wings, high mp 1, negative energy resistance 1, screaming 2, electricity
resistance, unbreathing, petrification resistance, rot immunity, MP-powered
wands, sturdy frame 1, AC +20
}: 8/15 runes: decaying, serpentine, silver, iron, obsidian, icy, bone, abyssal
a: Stop Flying, Recite, Vitalisation, Imprison, Sanctuary, Donate Gold, Renounce
Religion, Evoke Blink


You were on level 2 of the Pits of Slime.
You worshipped Zin.
Zin was exalted by your worship.
You were not hungry.

You visited 17 branches of the dungeon, and saw 82 of its levels.
You visited the Abyss 4 times.
You visited 1 ziggurat, and saw 12 of its levels.
You also visited: Labyrinth, Sewer, Ossuary, Bailey and Ice Cave.

You collected 13264 gold pieces.
You spent 75 gold pieces at shops.
You donated 11550 gold pieces to Zin.

Inventory:

Hand Weapons
 r - a +9 executioner's axe of holy wrath (weapon)
Armour
 w - a +2 cloak of cold resistance (worn)
 G - +4 gold dragon scales (worn)
 I - the +3 hat of Gehenna (worn) {+Blink}
   (You found it in a labyrinth)

   It lets you blink.
 J - the +2 pair of gloves of Wogej (worn) {*Drain rPois rF+++ Dex+3}
   (You acquired it on level 13 of the Dungeon)

   It affects your dexterity (+3).
   It renders you almost immune to fire.
   It protects you from poison.
   It causes draining when unequipped.
 T - the +0 pair of boots "Zosemur" (worn) {Int+7 Dex+3 Slay+2}
   (You found it on level 4 of the Vaults)

   It affects your intelligence (+7).
   It affects your dexterity (+3).
   It affects your accuracy and damage with ranged weapons and melee attacks
   (+2).
Jewellery
 n - the ring of the Planets (left hand) {rC+ MP+9 Int-3 SInv}
   (You acquired it on level 5 of the Vaults)

   [ring of magical power]

   It affects your intelligence (-3).
   It protects you from cold.
   It affects your magic capacity (+9).
   It lets you see invisible.
 v - the ring of the Ego (right hand) {rElec rF+ rN+ MP+9 Stlth-}
   (You found it on level 3 of the Crypt)

   [ring of positive energy]

   It protects you from fire.
   It insulates you from electricity.
   It protects you from negative energy.
   It affects your magic capacity (+9).
   It makes you less stealthy.
 z - the ring of Silemp {rN+ MR+ Str+4}
   (You found it on level 3 of the Crypt)

   [ring of positive energy]

   It affects your strength (+4).
   It protects you from negative energy.
   It affects your resistance to hostile enchantments.
 W - the amulet "Paptosul" (around neck) {rF+ rN+ Regen+ Dex-4 SInv}
   (You took it off a tengu warrior on level 2 of the Depths)

   [amulet of regeneration]

   It affects your dexterity (-4).
   It protects you from fire.
   It protects you from negative energy.
   It lets you see invisible.
   It increases your rate of regeneration.
Wands
 a - a wand of digging (81)
 s - a wand of scattershot (20)
 t - a wand of acid (50)
 S - a wand of iceblast (26)
Scrolls
 i - 17 scrolls of teleportation
 j - 11 scrolls of fog
 k - 26 scrolls of remove curse
 m - 3 scrolls of fear
 p - 3 scrolls of magic mapping
 A - 2 scrolls of silence
 L - 7 scrolls of blinking
 M - 7 scrolls of holy word
 R - 3 scrolls of summoning
 X - a scroll of immolation
Potions
 d - 4 potions of ambrosia
 e - 5 potions of cancellation
 g - 12 potions of haste
 l - 18 potions of curing
 o - 4 potions of agility
 q - 2 potions of resistance
 x - 11 potions of might
 E - 9 potions of mutation
Miscellaneous
 b - 2 phantom mirrors
Comestibles
 c - 65 rations


   Skills:
 O Level 27 Fighting
 O Level 27 Axes
 O Level 27 Armour
 - Level 1.5 Dodging
 O Level 27 Invocations
 + Level 26.7 Evocations


You had 26 spell levels left.
You didn't know any spells.

Dungeon Overview and Level Annotations

Branches:
Dungeon (15/15)            Temple (1/1) D:5            Lair (6/6) D:11
  Swamp (4/4) Lair:2        Snake (4/4) Lair:2        Slime (2/5) Lair:6
    Orc (2/2) D:9             Elf (3/3) Orc:2        Vaults (5/5) D:13
  Crypt (3/3) Vaults:3       Tomb (0/3) Crypt:3      Depths (5/5) D:15
   Hell (1/1)                 Dis (7/7) Hell            Geh (7/7) Hell
    Coc (7/7) Hell            Tar (7/7) Hell            Zot (3/5) Depths:5

Altars:
Ashenzari
Cheibriados
Dithmenos
Elyvilon
Fedhas
Gozag
Hepliaklqana
Kikubaaqudgha
Makhleb
Nemelex Xobeh
Okawaru
Qazlal
Ru
Sif Muna
Trog
Uskayaw
Vehumet
Wu Jian
Xom
Yredelemnul
Zin
The Shining One
Beogh
Jiyva

Shops:
Orc:2 :[!(   Elf:1 [   Snake:4 :   Vaults:1 !   Vaults:3 :   Vaults:4 :
Depths:5 !

Portals:
Hell: Depths:1 Depths:2 Depths:3 Depths:4 Depths:5
Abyss: Depths:1 Depths:3 Depths:4
Pandemonium: Depths:3 Depths:4 Depths:5

Annotations:
Lair:6 exclusion: oklob plant
Depths:5 2 runed doors
Coc:7 exclusion: ice statue


Innate Abilities, Weirdness & Mutations

You are resistant to torment.
Your stone body is resilient. (AC +20)
You are immune to poison.
Your large and strong wings let you fly indefinitely.
You resist negative energy. (rN+)
You are resistant to electric shocks. (rElec)
You can survive without breathing.
You are immune to petrification.
You are immune to rotting.
You have an increased reservoir of magic. (+10% MP)
You sometimes yell uncontrollably at your foes.
You expend magic power (3 MP) to strengthen your wands.
Your movements are slightly less encumbered by armour. (ER -2)


Message History

The acid blob spits acid at you. The splash of acid hits you!
* * * LOW HITPOINT WARNING * * *
The acid corrodes you!
You are splashed with acid!
The acid burns!
* * * LOW HITPOINT WARNING * * *
The acid blob spits acid at you. The splash of acid hits you!
The acid corrodes you!
You are splashed with acid!
The acid burns!
Zin protects you from harm!
Blink to where?
Press: ? - help, Dir - move target cursor You are very lightly contaminated with residual magic.
As you read the scroll of blinking, it crumbles to dust.
An azure jelly, an eye of devastation and a great orb of eyes come into view.
The azure jelly quivers.
The great orb of eyes turns its gaze towards you.
The eye of devastation turns its gaze towards you.
The acid blob spits acid at you. The splash of acid hits you!
You are splashed with acid!
The acid burns!
You die...

............# .G
#......<...# #J.
#..J........ ...#
#..§..#.# ....#
##.....##
#....##..J....#
.............##
#...........#....
#......@>..#.....
................#
.....#..........#
#.<.###....G.....
#... ..........#
## ...........
.##.#.#....
.......


You could see 2 acid blobs, an azure jelly, a great orb of eyes and an eye of
devastation.

Vanquished Creatures
  Antaeus (Coc:7)
  Asmodeus (Geh:7)
  Ereshkigal (Tar:7)
  the Serpent of Hell (Geh:7)
  An orb of fire (Zot:1)
  The ghost of filthincarnate the Victor of a Thousand Battles, a legendary GnWn of Okawaru (Dis:7)
  Dispater (Dis:7)
  A juggernaut (Depths:2)
  Mara (Elf:3)
  An ancient lich (Vaults:5)
  2 greater mummies (Zig:7)
  13 shard shrikes
  Bai Suzhen (Vaults:4)
  A curse toe (Zot:2)
  A Killer Klown (Zot:2)
  4 golden dragons
  Nikola (Swamp:1)
  Geryon (Hell)
  A profane servitor (Zig:12)
  20 bone dragons
  11 doom hounds
  22 Tzitzimimeh
  6 iron giants
  Jorgrun (Vaults:2)
  4 electric golems
  18 Brimstone Fiends
  The ghost of rabel the Earth Mage, an adept GrEE of Sif Muna (Vaults:2)
  Rupert (Lair:5)
  13 Ice Fiends
  A hellephant (Zig:6)
  14 tentacled monstrosities
  5 Hell Sentinels (Dis:7)
  19 liches
  4 titans
  5 quicksilver dragons
  4 deep elf blademasters (Elf:3)
  2 deep elf master archers (Elf:3)
  3 acid blobs
  4 Executioners
  4 death cobs
  10 tentacled starspawn
  A sphinx (shapeshifter) (Vaults:3)
  8 eldritch tentacles
  5 sphinxes
  6 storm dragons
  23 ancient champions
  25 shadow dragons
  3 thorn hunters (Swamp:4)
  8 tengu reavers
  5 revenants
  10 fire giants
  3 azure jellies
  3 draconian monks
  Roxanne (Snake:4)
  6 iron dragons
  14 frost giants
  17 vault wardens
  8 draconian knights
  4 draconian scorchers
  8 nagarajas
  16 deep elf sorcerers
  2 cacodemons
  A caustic shrike zombie (Crypt:1)
  6 deep elf elementalists
  14 balrugs
  2 curse skulls
  4 draconian annihilators
  15 ironheart preservers
  2 draconian stormcallers
  6 ghouls
  7 draconian shifters
  18 war gargoyles
  33 stone giants
  4 elemental wellsprings
  20 very ugly things
  4 spriggan defenders
  A caustic shrike skeleton (Zig:11)
  82 reapers
  3 entropy weavers
  An entropy weaver (shapeshifter) (Vaults:5)
  13 vampire knights
  2 spectral titans (Crypt:3)
  4 black draconians
  7 green draconians
  11 deep elf demonologists
  A lorocyproca (Abyss:4)
  7 deep elf annihilators
  5 red draconians
  3 spark wasps (Depths:4)
  4 dire elephants (Lair:6)
  5 purple draconians
  6 white draconians
  7 yellow draconians
  16 eidola
  13 deep elf death magi
  Snorg (D:13)
  12 blizzard demons
  20 ettins
  6 quicksilver dragon zombies
  16 fire dragons
  3 death oozes
  4 green deaths
  2 mummy priests
  A kraken zombie (Coc:1)
  2 spectral quicksilver dragons (Crypt:3)
  7 ogre magi
  15 yaktaur captains
  A great orb of eyes (shapeshifter) (Depths:2)
  A minotaur (Lab)
  Erolcha (Orc:2)
  23 jiangshi
  12 deep elf high priests
  37 vault guards
  6 quicksilver dragon skeletons
  Harold (Lair:2)
  8 great orbs of eyes
  10 rakshasas
  8 naga warriors
  20 ice dragons
  7 ghost crabs
  A monstrous demonspawn (Depths:5)
  An ice dragon (shapeshifter) (Depths:1)
  22 hydras
  7 anacondas
  6 spriggan air magi
  An anaconda (shapeshifter) (Vaults:5)
  3 death knights
  A hydra (shapeshifter) (Depths:1)
  4 spectral fire giants (Crypt:3)
  A spectral frost giant (Crypt:3)
  30 dancing weapons
  7 deep troll shamans
  10 centaur warriors
  An alligator (shapeshifter) (Depths:4)
  7 alligators
  15 tengu warriors
  12 death yaks
  The ghost of Dharzhak the Geomancer, a journeyman GrEE of Vehumet (D:11)
  21 two-headed ogres
  14 vampire magi
  40 hell hogs
  9 titan zombies
  11 shock serpents
  8 deep troll earth magi
  20 thrashing horrors
  4 iron golems
  Urug (Lair:5)
  A shock serpent (shapeshifter) (Depths:5)
  A spectral storm dragon (Crypt:3)
  11 naga sharpshooters
  14 spriggan berserkers
  12 storm dragon zombies
  2 fire crabs (shapeshifter)
  90 hell knights
  24 deep elf knights
  10 sun demons
  21 large abominations
  6 iron trolls
  A sixfirhy (Abyss:3)
  27 soul eaters
  29 flayed ghosts
  7 wretched stars
  12 shadow wraiths
  Nergalle (Orc:2)
  139 skeletal warriors
  2 spectral anacondas (Crypt:3)
  A salamander mystic (Snake:4)
  12 anaconda zombies
  5 spatial maelstroms
  4 spriggan druids
  A spark wasp zombie (Crypt:2)
  3 unseen horrors
  34 deep trolls
  2 death drakes
  6 titan skeletons
  40 starcursed masses
  4 storm dragon skeletons
  11 glowing orange brains
  2 quicksilver dragon simulacra (Depths:2)
  7 golden dragon zombies
  5 spectral hydras
  2 ghost moth zombies
  8 naga ritualists
  An iron giant skeleton (Crypt:2)
  16 deep elf archers
  5 swamp dragons
  28 shadow demons
  An orange crystal statue (Zig:1)
  10 shadow dragon zombies
  5 shambling mangroves
  15 ironbrand convokers
  26 necromancers
  36 phantasmal warriors
  19 orc knights
  5 golden dragon skeletons
  A sphinx zombie (Crypt:1)
  3 harpies (Vaults:2)
  8 frost giant zombies
  9 anaconda skeletons
  2 harpies (shapeshifter)
  9 wolf spider zombies
  8 wizards
  42 ugly things
  13 oklob plants
  11 orc sorcerers
  A shadow dragon skeleton (Geh:7)
  9 stone giant zombies
  9 salamanders
  A shining eye (shapeshifter) (Vaults:5)
  13 mana vipers
  2 worldbinders
  9 fire giant zombies
  A spectral fire dragon (Crypt:3)
  2 shining eyes (Zig:8)
  2 fauns (shapeshifter)
  7 iron dragon zombies
  52 deep elf magi
  11 wolf spiders
  6 moths of wrath
  A wolf spider (shapeshifter) (Vaults:5)
  27 cyclopes
  A cyclops (shapeshifter) (Vaults:2)
  2 spectral ettins (Crypt:3)
  A guardian serpent (Abyss:4)
  9 iron dragon skeletons
  Maurice (D:13)
  A dire elephant zombie (Dis:3)
  11 fire giant skeletons
  3 ice statues
  10 elephants
  2 shock serpent zombies
  28 naga magi
  58 rust devils
  10 stone giant skeletons
  7 titan simulacra
  17 smoke demons
  2 apocalypse crabs
  A torpor snail (Lair:2)
  7 frost giant skeletons
  Joseph (D:7)
  Psyche (D:10)
  14 spiny frogs
  41 black mambas
  An eye of devastation (shapeshifter) (Depths:3)
  A spriggan skeleton (Zig:11)
  2 orange demons
  24 vault sentinels
  5 dire elephant skeletons
  6 storm dragon simulacra (Coc:7)
  2 shock serpent skeletons
  5 emperor scorpion zombies
  16 molten gargoyles
  A grey draconian zombie (Crypt:3)
  4 swamp worm zombies (Swamp:4)
  51 tormentors
  A kobold demonologist (Depths:1)
  A redback zombie (D:14)
  2 catoblepas zombies
  A green draconian zombie (Crypt:3)
  36 hellions
  8 komodo dragons
  79 yaktaurs
  A rime drake (shapeshifter) (Vaults:2)
  62 freezing wraiths
  A golden dragon simulacrum (Coc:1)
  11 efreet
  9 ancient zymes
  2 anaconda simulacra (Coc:7)
  A death yak skeleton (Crypt:3)
  48 ice devils
  3 tengu conjurers
  A catoblepas skeleton (Crypt:1)
  A death drake zombie (Crypt:2)
  6 harpy zombies
  A troll (shapeshifter) (Depths:5)
  5 trolls
  40 red devils
  5 guardian mummies
  A yaktaur skeleton (Zig:2)
  22 hydra zombies
  A moth of wrath zombie (Crypt:3)
  A jumping spider (shapeshifter) (Depths:4)
  A tengu simulacrum (Vaults:3)
  28 polar bears
  2 polar bears (shapeshifter)
  A jumping spider (Vaults:2)
  6 harpy skeletons
  7 ice dragon zombies
  5 tyrant leeches
  5 silent spectres
  26 raiju
  A hippogriff (shapeshifter) (Vaults:3)
  7 alligator zombies
  10 hippogriffs
  9 hydra skeletons
  13 bog bodies
  An iron dragon simulacrum (Crypt:3)
  14 ettin zombies
  16 dream sheep
  15 hornets
  3 blink frogs (Lair:6)
  2 frost giant simulacra
  2 hornets (shapeshifter)
  4 fire dragon zombies
  50 slime creatures
  A spectral swamp dragon (Swamp:4)
  A dream sheep (shapeshifter) (Vaults:3)
  A fire giant simulacrum (Crypt:3)
  171 flying skulls
  53 shadows
  A tarantella (Vaults:3)
  A shock serpent simulacrum (Crypt:3)
  8 fire dragon skeletons
  4 redbacks
  4 ynoxinuls
  7 alligator skeletons
  3 vampires
  13 air elementals
  A black mamba zombie (Geh:7)
  A human (shapeshifter) (Depths:1)
  A tarantella (shapeshifter) (Abyss:4)
  7 ettin skeletons
  Sigmund (D:5)
  A spriggan (shapeshifter) (Vaults:3)
  8 spriggans
  51 wraiths
  An ushabti (Zig:7)
  4 fire bats (Geh:2)
  6 water elementals
  2 wyverns
  A black mamba skeleton (Coc:1)
  3 ice dragon skeletons
  32 fire elementals
  A hog (shapeshifter) (Depths:2)
  56 yaks
  2 basilisks
  2 golden eyes
  22 vampire mosquitoes
  A catoblepas simulacrum (Crypt:3)
  A yaktaur simulacrum (Vaults:2)
  6 chaos spawn
  8 hungry ghosts
  An emperor scorpion simulacrum (Coc:3)
  A monstrous demonspawn zombie (Crypt:1)
  4 neqoxecs
  A spectral spiny frog (Crypt:3)
  8 insubstantial wisps
  2 merfolk zombies
  10 spatial vortices
  11 wargs
  A harpy simulacrum (Coc:6)
  37 nagas
  14 swamp worms
  An orb spider zombie (Crypt:2)
  5 acid dragons
  6 hydra simulacra
  11 spiny frog zombies
  2 floating eyes
  A spectral troll (Crypt:3)
  13 water moccasins
  A faun zombie (Crypt:1)
  84 hell hounds
  A faun skeleton (Crypt:1)
  16 porcupines
  A merfolk skeleton (Tar:1)
  10 swamp drakes
  7 spiny frog skeletons
  A sky beast (shapeshifter) (Vaults:5)
  9 snapping turtle zombies
  33 necrophages
  35 orc warriors
  5 ettin simulacra
  18 ice beasts
  5 sky beasts
  12 black bears
  32 ogres
  19 phantoms
  6 swamp dragon zombies
  4 manticore zombies
  An ogre (shapeshifter) (Vaults:1)
  4 eyes of draining (shapeshifter)
  3 hornet zombies
  A tengu (shapeshifter) (Vaults:2)
  An ice dragon simulacrum (Crypt:3)
  4 boggarts
  23 centaurs
  24 wolves
  A swamp dragon skeleton (Tar:2)
  A manticore skeleton (Geh:5)
  5 human skeletons
  5 snapping turtle skeletons
  16 crocodiles
  An octopode zombie (Crypt:2)
  2 elf zombies (Elf:1)
  9 big kobolds
  8 gnoll sergeants (Bailey)
  An earth elemental (Elf:2)
  15 bullfrogs
  A spiny frog simulacrum (Coc:3)
  A merfolk simulacrum (Tar:7)
  An elf skeleton (Crypt:1)
  A wyvern zombie (D:13)
  A cyclops skeleton (Crypt:2)
  A wyvern skeleton (D:8)
  14 small abominations
  A spriggan zombie (Dis:3)
  4 scorpions
  A snapping turtle simulacrum (Coc:6)
  A polar bear skeleton (Crypt:2)
  6 killer bees (D:12)
  107 wights
  A manticore simulacrum (Crypt:3)
  4 electric eels
  7 howler monkeys
  15 crimson imps
  A bullfrog zombie (D:9)
  11 hounds
  A wolf skeleton (Crypt:2)
  5 centaur zombies
  2 bullfrog skeletons (D:4)
  4 jellies
  A basilisk skeleton (Crypt:2)
  3 centaur skeletons
  6 human zombies
  18 orc priests
  7 gnoll shamans
  38 iron imps
  5 iguanas
  40 orc wizards
  3 spectral swamp drakes (Swamp:4)
  A lightning spire (Zig:8)
  7 hell rats (Hell)
  17 worker ants
  A porcupine skeleton (Crypt:3)
  A killer bee zombie (D:5)
  A tengu zombie (Geh:7)
  2 big kobold zombies (Ossuary)
  A bullfrog simulacrum (D:12)
  2 naga zombies
  An ogre zombie (Coc:3)
  A naga skeleton (Dis:7)
  4 hound zombies
  2 hound skeletons
  25 mummies
  4 worker ant zombies
  A howler monkey skeleton (D:6)
  20 gnolls
  A steam dragon zombie (Crypt:1)
  11 adders
  A swamp drake zombie (Swamp:4)
  25 shadow imps
  21 white imps
  5 ufetubi (D:12)
  4 oozes (Lair:6)
  2 adder zombies (Ossuary)
  3 dart slugs
  3 leopard geckos
  97 orcs
  A ball python (D:1)
  5 giant cockroaches
  18 goblins
  10 hobgoblins
  14 jackals
  23 kobolds
  5 quokkas
  A ball python skeleton (Crypt:3)
  12 bats
  3 frilled lizards
  2 gnoll zombies (Ossuary)
  3 goblin zombies (Ossuary)
  7 hobgoblin zombies (Ossuary)
  6 jackal zombies (Ossuary)
  2 kobold zombies (Ossuary)
  An orc skeleton (Dis:6)
  2 orc zombies
  4 quokka zombies
  6 rats
  2 rat zombies (Ossuary)
  36 bushes (Zot:2)
  3 crawling corpses
  A fire vortex (Geh:1)
  36 fungi
  3 lurking horrors (Abyss:4)
  45 plants
  12 starspawn tentacles
  3 tentacles (Coc:1)
4981 creatures vanquished.

Vanquished Creatures (collateral kills)
  An iron giant (Dis:7)
  A lich (Depths:4)
  A quicksilver dragon (Depths:4)
  A deep elf elementalist (Depths:4)
  A lorocyproca (Dis:7)
  A deep elf annihilator (Depths:4)
  A quicksilver dragon zombie (Dis:7)
  A cyclops (Dis:7)
  A frost giant zombie (Geh:7)
  An anaconda simulacrum (Coc:7)
  A troll (Dis:7)
  An ogre (Dis:7)
12 creatures vanquished.

Vanquished Creatures (others)
  A reaper (Dis:6)
  A vampire knight (Depths:5)
  A hell hog (Depths:1)
  A deep elf knight (Vaults:5)
  A deep elf archer (Elf:2)
  A deep elf mage (Vaults:3)
  A shadow dragon skeleton (Geh:7)
  2 ugly things
  A red devil (Depths:2)
  2 hornets (Swamp:4)
  A bog body (Swamp:4)
  3 flying skulls
  3 spriggans (Swamp:4)
  A fire elemental (Elf:3)
  2 shadows
  A wraith (Dis:7)
  A swamp worm (Swamp:4)
  2 ettin simulacra (Depths:2)
  A centaur (Vaults:3)
  2 wights
  A jelly (Abyss:4)
  An orc wizard (Orc:2)
  A swamp drake skeleton (Crypt:3)
  A ball lightning (Dis:7)
  An orc (Orc:2)
  4 briar patches (Swamp:4)
  5 fungi
  A lurking horror (Abyss:1)
  8 plants
  20 starspawn tentacles
  A tentacle (Coc:1)
  23 withered plants (Crypt:3)
96 creatures vanquished.

Grand Total: 5089 creatures vanquished

Notes
Turn   | Place    | Note
-------+----------+-------------------------------------------
     0 | D:1      | sanboga the Gargoyle Berserker began the quest for the Orb.
     0 | D:1      | Reached XP level 1. HP: 14/14 MP: 1/1
   140 | D:1      | Reached XP level 2. HP: 19/19 MP: 2/2
   594 | D:1      | Reached XP level 3. HP: 23/23 MP: 3/3
   889 | D:2      | Reached ** piety under Trog
  1072 | D:2      | Reached XP level 4. HP: 25/29 MP: 4/4
  1503 | D:3      | Found a glowing drain.
  1573 | Sewer    | Entered a sewer
  1587 | Sewer    | Reached XP level 5. HP: 17/33 MP: 5/5
  1843 | Sewer    | Noticed a crocodile
  1849 | Sewer    | Killed a crocodile
  2673 | D:4      | Reached XP level 6. HP: 37/39 MP: 6/6
  2970 | D:4      | Reached skill level 5 in Axes
  3104 | D:4      | Reached *** piety under Trog
  3120 | D:4      | Found a sand-covered staircase.
  3218 | Ossuary  | Entered an ossuary
  3256 | Ossuary  | Reached skill level 5 in Fighting
  3304 | Ossuary  | Reached XP level 7. HP: 34/44 MP: 7/7
  3725 | Ossuary  | Reached **** piety under Trog
  3974 | D:5      | Entered Level 5 of the Dungeon
  4053 | D:5      | HP: 2/44 [ice beast (10)]
  4054 | D:5      | Reached skill level 5 in Armour
  4341 | D:5      | Found a shimmering altar of Xom.
  4433 | D:5      | Reached XP level 8. HP: 51/51 MP: 8/8
  4511 | D:5      | Found a staircase to the Ecumenical Temple.
  4615 | D:5      | Noticed Sigmund
  4626 | D:5      | Killed Sigmund
  5068 | D:6      | Reached XP level 9. HP: 35/56 MP: 9/9
  5322 | D:7      | Noticed Joseph
  5343 | D:7      | Killed Joseph
  5682 | D:7      | Reached ***** piety under Trog
  5796 | D:7      | Got a jewelled cloak
  5802 | D:7      | Identified the -3 cloak of Jasa {rC++ Int-3 Dex+3 SInv} (You found it on level 7 of the Dungeon)
  5813 | D:7      | Received a gift from Trog
  6034 | D:7      | Reached XP level 10. HP: 64/64 MP: 3/10
  6315 | D:7      | Found a sparkling altar of Nemelex Xobeh.
  6842 | D:8      | Reached skill level 10 in Axes
  6879 | D:8      | Noticed a two-headed hydra
  6891 | D:8      | Killed a four-headed hydra
  6991 | D:8      | You fall through a shaft!
  7201 | D:9      | Reached XP level 11. HP: 62/71 MP: 3/11
  7205 | D:9      | Received a gift from Trog
  7211 | D:9      | Got a scorched battleaxe {god gift}
  7212 | D:9      | Identified the +8 battleaxe "Qygurgh" {freeze, Dex+2} (Trog gifted it to you on level 9 of the Dungeon)
  7228 | D:9      | Found a staircase to the Orcish Mines.
  7649 | D:10     | Entered Level 10 of the Dungeon
  7697 | D:10     | Reached skill level 10 in Fighting
  7704 | D:10     | Noticed Psyche
  7708 | D:10     | Killed Psyche
  8218 | D:10     | Reached skill level 10 in Armour
  8517 | D:11     | Noticed Dharzhak's ghost (journeyman GrEE)
  8527 | D:11     | Killed Dharzhak's ghost
  8527 | D:11     | Reached XP level 12. HP: 49/79 MP: 12/12
  8819 | D:11     | Found a staircase to the Lair.
  9030 | D:11     | Noticed a two-headed ogre
  9036 | D:11     | Killed a two-headed ogre
  9036 | D:11     | Received a gift from Trog
  9321 | D:12     | Found a frozen archway.
  9367 | IceCv    | Entered an ice cave
  9946 | IceCv    | Noticed a frost giant
  9958 | IceCv    | Killed a frost giant
 10389 | D:12     | Noticed a two-headed ogre
 10399 | D:12     | Killed a two-headed ogre
 10399 | D:12     | Reached XP level 13. HP: 43/86 MP: 13/13
 10407 | D:12     | Received a gift from Trog
 10680 | Lair:1   | Entered Level 1 of the Lair of Beasts
 11818 | Lair:2   | Found a dark tunnel.
 12018 | Lair:2   | Found a staircase to the Swamp.
 12028 | Lair:2   | Found a staircase to the Snake Pit.
 12094 | Lair:2   | Noticed Harold
 12102 | Lair:2   | Killed Harold
 12872 | Snake:1  | Entered Level 1 of the Snake Pit
 14030 | Lair:4   | Reached skill level 15 in Axes
 14031 | Lair:4   | Received a gift from Trog
 14069 | Lair:4   | Gained mutation: Your large and strong wings let you fly indefinitely. [Gargoyle growth]
 14069 | Lair:4   | Reached XP level 14. HP: 62/94 MP: 14/14
 14388 | Lair:4   | Got a twitching emerald amulet
 14395 | Lair:4   | Got a heavily runed leather armour
 14682 | Lair:4   | Identified the amulet "Notuzuge" {Spirit Dex+2} (You found it on level 4 of the Lair of Beasts)
 15242 | Lair:4   | HP: 3/94 [acid (11)]
 16312 | Lair:5   | Noticed Urug
 16327 | Lair:5   | Killed Urug
 16958 | Lair:5   | Noticed Rupert
 16970 | Lair:5   | Killed Rupert
 17544 | Lair:6   | Entered Level 6 of the Lair of Beasts
 17561 | Lair:6   | Found a labyrinth entrance.
 17570 | Lab      | Entered a labyrinth
 18228 | Lab      | Got a smoking hat
 18239 | Lab      | Identified the +3 hat of Gehenna {+Blink} (You found it in a labyrinth)
 18244 | Lab      | Identified a scroll of acquirement
 18245 | Lab      | Got a scorched cloak
 18256 | Lab      | Identified the +0 cloak of Prudence {Dex+4} (You acquired it in a labyrinth)
 18292 | Lair:6   | Received a gift from Trog
 18957 | Lair:6   | Reached XP level 15. HP: 56/100 MP: 15/15
 19154 | Lair:6   | Found a runed door.
 19154 | Lair:6   | Found a viscous altar of Jiyva.
 19170 | Lair:6   | Found a staircase to the Slime Pits.
 19777 | Lair:6   | Found the +3 pair of gauntlets of War {Slay+5}
 19799 | Lair:6   | Got a heavily runed bone amulet
 20024 | Lair:6   | Identified the amulet of Deugof {Regen+ MP+9} (You found it on level 6 of the Lair of Beasts)
 20296 | Orc:1    | Entered Level 1 of the Orcish Mines
 20355 | Orc:2    | Entered Level 2 of the Orcish Mines
 20483 | Orc:1    | Reached ****** piety under Trog
 20483 | Orc:1    | Received a gift from Trog
 20903 | Orc:2    | Found a staircase to the Elven Halls.
 21022 | Orc:2    | Found Dionker's Antique Armour Shop.
 21024 | Orc:2    | Paralysed by an orc sorcerer for 3 turns
 21106 | Orc:2    | Found a radiant altar of Vehumet.
 21106 | Orc:2    | Noticed Erolcha
 21109 | Orc:2    | Paralysed by an orc sorcerer for 5 turns
 21122 | Orc:2    | Killed Erolcha
 21157 | Orc:2    | Noticed Nergalle
 21157 | Orc:2    | Found an ancient bone altar of Kikubaaqudgha.
 21162 | Orc:2    | Killed Nergalle
 21167 | Orc:2    | Received a gift from Trog
 21197 | Orc:2    | Paralysed by an orc sorcerer for 3 turns
 21208 | Orc:2    | Found Edghuank's Book Boutique.
 21245 | Orc:2    | Found a roughly hewn altar of Beogh.
 21245 | Orc:2    | Found Fush's Antique Weapon Boutique.
 21245 | Orc:2    | Found Xoigg's Distillery.
 21640 | Orc:2    | Got a spiked hat
 21651 | Orc:2    | Identified the +0 hat of Piyn {rN+ Stlth+} (You found it on level 2 of the Orcish Mines)
 22081 | D:12     | Received a gift from Trog
 22332 | D:13     | Noticed Snorg
 22342 | D:13     | Killed Snorg
 22523 | D:13     | Noticed Maurice
 22537 | D:13     | Killed Maurice
 22565 | D:13     | Got a pair of encrusted gloves
 22576 | D:13     | Identified the +2 pair of gloves of Wogej {*Drain rPois rF+++ Dex+3} (You acquired it on level 13 of the Dungeon)
 22750 | D:13     | Reached skill level 15 in Fighting
 22878 | D:13     | Found a gate to the Vaults.
 23172 | D:14     | Found a flagged portal.
 23177 | D:14     | Paralysed by fainting for 8 turns
 23188 | Bailey   | Entered a bailey
 23404 | Bailey   | Got a flickering lead ring
 23672 | D:14     | Reached skill level 15 in Armour
 23679 | D:14     | Received a gift from Trog
 23814 | D:14     | Reached XP level 16. HP: 80/108 MP: 16/16
 23888 | D:14     | Received a gift from Trog
 24128 | D:14     | Found a stormy altar of Qazlal.
 24153 | D:14     | Identified the ring "Zeottol" {MP+9 Slay+4} (You found it in a bailey)
 24379 | D:15     | Entered Level 15 of the Dungeon
 24586 | D:15     | Received a gift from Trog
 24691 | D:15     | Found a white marble altar of Elyvilon.
 24917 | D:15     | Found a staircase to the Depths.
 25251 | Swamp:1  | Entered Level 1 of the Swamp
 25543 | Swamp:1  | Noticed Nikola
 25561 | Swamp:1  | Killed Nikola
 25912 | Swamp:2  | Received a gift from Trog
 26540 | Swamp:3  | Noticed a tentacled monstrosity
 26547 | Swamp:3  | Killed a tentacled monstrosity
 26702 | Swamp:3  | Reached XP level 17. HP: 115/115 MP: 17/17
 26725 | Swamp:3  | Received a gift from Trog
 27151 | Swamp:4  | Entered Level 4 of the Swamp
 27538 | Swamp:4  | Received a gift from Trog
 27665 | Swamp:4  | Noticed a bone dragon
 27682 | Swamp:4  | Killed a bone dragon
 27737 | Swamp:4  | Got a decaying rune of Zot
 28680 | Snake:1  | Reached XP level 18. HP: 101/123 MP: 18/18
 30038 | Snake:3  | Received a gift from Trog
 31021 | Snake:4  | Entered Level 4 of the Snake Pit
 31021 | Snake:4  | Found Keacyzoag's Book Shop.
 31460 | Snake:4  | Received a gift from Trog
 31525 | Snake:4  | Reached XP level 19. HP: 130/130 MP: 19/19
 31695 | Snake:4  | Got a serpentine rune of Zot
 31915 | Snake:4  | Noticed Roxanne
 31930 | Snake:4  | Killed Roxanne
 32330 | Vaults:1 | Entered Level 1 of the Vaults
 32359 | Vaults:1 | Cast into level 3 of the Abyss (a deep elf sorcerer)
 32359 | Abyss:3  | Found a corrupted altar of Lugonu.
 32369 | Abyss:3  | Gained mutation: You are dopey. (Int -2) [a neqoxec]
 32375 | Abyss:3  | Gained mutation: Your body sometimes deteriorates upon taking damage. [a neqoxec]
 32416 | Abyss:3  | Gained mutation: Potions are less effective at restoring your health. [a neqoxec]
 32420 | Abyss:3  | Gained mutation: You tend to lose your temper in combat. [a neqoxec]
 32559 | Vaults:1 | Escaped the Abyss
 32728 | Vaults:1 | Received a gift from Trog
 32743 | Vaults:1 | Found Mewuoq's Distillery.
 33409 | Vaults:1 | Received a gift from Trog
 33590 | Vaults:1 | Noticed a lich
 33596 | Vaults:1 | Killed a lich
 34468 | Vaults:2 | Noticed rabel's ghost (adept GrEE)
 34470 | Vaults:2 | Noticed Jorgrun
 34487 | Vaults:2 | Killed Jorgrun
 34487 | Vaults:2 | Reached XP level 20. HP: 137/137 MP: 20/20
 34492 | Vaults:2 | Killed rabel's ghost
 35830 | Vaults:2 | Received a gift from Trog
 37019 | Vaults:3 | Noticed a lich
 37027 | Vaults:3 | Killed a lich
 37397 | Vaults:3 | Received a gift from Trog
 37623 | Vaults:3 | Reached XP level 21. HP: 87/144 MP: 21/21
 37700 | Vaults:3 | Found a staircase to the Crypt.
 37704 | Vaults:3 | Found Cuenerph's Book Boutique.
 38195 | Vaults:3 | Received a gift from Trog
 38743 | Vaults:4 | Paralysed by an ogre mage for 4 turns
 38856 | Vaults:4 | Got a pair of encrusted boots
 38867 | Vaults:4 | Identified the cursed +0 pair of boots "Zosemur" {Int+7 Dex+3 Slay+2} (You found it on level 4 of the Vaults)
 38966 | Vaults:4 | Found Koured's Book Boutique.
 39003 | Vaults:4 | Received a gift from Trog
 39012 | Vaults:4 | Got a shimmering battleaxe {god gift}
 39013 | Vaults:4 | Identified the +9 battleaxe of Satynax {chop, rN+ Dex+4} (Trog gifted it to you on level 4 of the Vaults)
 39477 | Vaults:5 | Entered Level 5 of the Vaults
 39730 | Depths:1 | Entered Level 1 of the Depths
 40013 | Depths:1 | Received a gift from Trog
 40121 | Depths:1 | Reached XP level 22. HP: 152/152 MP: 22/22
 40633 | Depths:1 | Found a one-way gate to the infinite horrors of the Abyss.
 40723 | Depths:1 | Found a gateway to Hell.
 41081 | Depths:2 | Found a stormy altar of Qazlal.
 41583 | Depths:2 | Received a gift from Trog
 42180 | Depths:2 | Found a bloodstained altar of Trog.
 42232 | Depths:2 | Noticed a juggernaut
 42371 | Depths:2 | Killed a juggernaut
 42543 | Depths:2 | Noticed a golden dragon
 42550 | Depths:2 | Killed a golden dragon
 42627 | Depths:2 | Found a shimmering altar of Xom.
 42690 | Depths:2 | Received a gift from Trog
 42730 | Depths:2 | Reached XP level 23. HP: 96/160 MP: 23/23
 42946 | Depths:2 | Got a smoking battleaxe {god gift}
 42947 | Depths:2 | Identified the +3 battleaxe of Awnin {holy, rC+ Str+5} (Trog gifted it to you on level 2 of the Depths)
 43007 | Depths:2 | Found a blossoming altar of Fedhas.
 43317 | Depths:2 | Got a bound pewter amulet
 43318 | Depths:2 | Identified the amulet "Paptosul" {rF+ rN+ Regen+ Dex-4 SInv} (You took it off a tengu warrior on level 2 of the Depths)
 43483 | Depths:3 | Found a one-way gate leading to the halls of Pandemonium.
 43483 | Depths:3 | Found a gateway to a ziggurat.
 43485 | Depths:3 | Paralysed by a floating eye for 3 turns
 43492 | Depths:3 | Paralysed by a floating eye for 3 turns
 43499 | Depths:3 | Paralysed by a floating eye for 2 turns
 43505 | Depths:3 | Paralysed by a floating eye for 2 turns
 43510 | Depths:3 | Paralysed by a floating eye for 2 turns
 43608 | Depths:3 | Received a gift from Trog
 44529 | Depths:3 | Received a gift from Trog
 45137 | Depths:3 | Reached XP level 24. HP: 151/168 MP: 23/23
 45248 | Depths:4 | Paralysed by a floating eye for 2 turns
 45267 | Depths:4 | Received a gift from Trog
 45277 | Depths:4 | Got an encrusted battleaxe {god gift}
 45278 | Depths:4 | Identified the +3 battleaxe "Spiderslayer" {speed, rElec rN+ MR- Dex+3} (Trog gifted it to you on level 4 of the Depths)
 45627 | Depths:4 | Paralysed by a wizard for 5 turns
 45685 | Depths:4 | Found a runed door.
 46076 | Depths:4 | Voluntarily entered the Abyss.
 46296 | Abyss:2  | Found a corrupted altar of Lugonu.
 46325 | Abyss:2  | Received a gift from Trog
 46448 | Abyss:4  | Found a corrupted altar of Lugonu.
 46522 | Abyss:4  | Paralysed by you for 6 turns
 46765 | Abyss:4  | Gained mutation: You do not regenerate when monsters are visible. [a neqoxec]
 46782 | Abyss:4  | Paralysed by accursed screaming for 2 turns
 46791 | Depths:4 | Escaped the Abyss
 46918 | Depths:4 | Voluntarily entered the Abyss.
 46918 | Abyss:1  | Found a corrupted altar of Lugonu.
 47052 | Depths:4 | Escaped the Abyss
 47107 | Depths:5 | Entered Level 5 of the Depths
 47113 | Depths:5 | Received a gift from Trog
 47484 | Depths:5 | Found Cojoiqel's Distillery.
 47636 | Depths:5 | Bought a potion of heal wounds for 75 gold pieces
 47733 | Depths:5 | Reached XP level 25. HP: 172/175 MP: 23/23
 47748 | Depths:5 | Found a runed door.
 47748 | Depths:5 | Found a runed door.
 47976 | Depths:5 | Found a runed door.
 48026 | Depths:5 | Found a runed door.
 48088 | Depths:5 | Found a runed door.
 48126 | Depths:5 | Found a runed door.
 48206 | Depths:5 | Found a gate to the Realm of Zot.
 48354 | Depths:5 | Received a gift from Trog
 49019 | Vaults:5 | Received a gift from Trog
 49233 | Vaults:5 | Noticed an ancient lich
 49506 | Vaults:5 | Killed an ancient lich
 49521 | Vaults:5 | HP: 6/175 [stone giant/large rock (16)]
 49714 | Vaults:5 | Gained mutation: You expend magic power (3 MP) to strengthen your wands. [a shining eye]
 49716 | Vaults:5 | Received a gift from Trog
 49771 | Vaults:5 | Noticed Bai Suzhen
 49781 | Vaults:4 | Killed Bai Suzhen
 50023 | Vaults:5 | Reached XP level 26. HP: 173/183 MP: 23/23
 50327 | Vaults:5 | Received a gift from Trog
 50929 | Vaults:5 | Got a bound platinum amulet
 51020 | Vaults:5 | Got a silver rune of Zot
 51844 | Vaults:5 | Identified the amulet "Akkib" {RegenMP Fragile rElec Str+3 Int+3} (You took it off an orc warrior on level 5 of the Vaults)
 51847 | Vaults:5 | Got a faintly glowing wooden ring
 51848 | Vaults:5 | Identified the ring of the Planets {rC+ MP+9 Int-3 SInv} (You acquired it on level 5 of the Vaults)
 52178 | Elf:1    | Entered Level 1 of the Elven Halls
 52371 | Elf:1    | Received a gift from Trog
 52380 | Elf:1    | Got an ancient battleaxe {god gift}
 52381 | Elf:1    | Identified the +4 battleaxe of Trog's Wrath {flame, rPois Int+5 Dex-2} (Trog gifted it to you on level 1 of the Elven Halls)
 52540 | Elf:1    | Found Dehelasm's Armour Shop.
 52841 | Elf:1    | Reached skill level 27 in Axes
 53034 | Elf:2    | Found a runed gate.
 53034 | Elf:2    | Found a runed gate.
 53515 | Elf:2    | Found a runed gate.
 53533 | Elf:2    | Received a gift from Trog
 53863 | Elf:3    | Entered Level 3 of the Elven Halls
 54293 | Elf:3    | Noticed Mara
 54310 | Elf:3    | Killed Mara
 54516 | Elf:3    | Received a gift from Trog
 54820 | Elf:3    | Reached XP level 27. HP: 128/192 MP: 23/23
 55185 | Elf:3    | Received a gift from Trog
 56136 | Elf:3    | Cast into level 3 of the Abyss (a deep elf sorcerer)
 56279 | Abyss:3  | Received a gift from Trog
 56523 | Abyss:4  | Found a corrupted altar of Lugonu.
 56531 | Abyss:4  | Found a corrupted altar of Lugonu.
 56647 | Abyss:5  | Entered Level 5 of the Abyss
 56647 | Abyss:5  | Found a corrupted altar of Lugonu.
 56658 | Abyss:5  | Paralysed by accursed screaming for 1 turns
 56845 | Abyss:5  | Received a gift from Trog
 56972 | Abyss:5  | Got an abyssal rune of Zot
 56984 | Elf:3    | Escaped the Abyss
 57170 | Elf:3    | Got a heavily runed plate armour
 57184 | Elf:3    | Identified the +1 plate armour of Pimarchan {Int+2} (You found it on level 3 of the Elven Halls)
 57800 | Zot:1    | Entered Level 1 of the Realm of Zot
 57951 | Zig:1    | Entered Level 1 of a ziggurat
 57975 | Zig:2    | Entered Level 2 of a ziggurat
 58011 | Zig:3    | Entered Level 3 of a ziggurat
 58057 | Zig:4    | Entered Level 4 of a ziggurat
 58082 | Zig:4    | Identified the Tome of the Mountains and Snow
 58101 | Zig:5    | Entered Level 5 of a ziggurat
 58118 | Zig:5    | Received a gift from Trog
 58171 | Zig:6    | Entered Level 6 of a ziggurat
 58183 | Zig:6    | Found the +9 heavy crossbow "Sniper" {velocity, Acc+∞ SInv}
 58251 | Zig:7    | Entered Level 7 of a ziggurat
 58260 | Zig:7    | Noticed a greater mummy
 58262 | Zig:7    | Found the +6 Majin-Bo {vamp, Archmagi MP+6 Int+6}
 58262 | Zig:7    | Noticed a greater mummy
 58278 | Zig:7    | Killed a greater mummy
 58287 | Zig:7    | Killed a greater mummy
 58362 | Zig:8    | Entered Level 8 of a ziggurat
 58382 | Zig:8    | Gained mutation: You occasionally shout uncontrollably at your foes. [a shining eye]
 58482 | Zig:9    | Entered Level 9 of a ziggurat
 58530 | Zig:9    | Received a gift from Trog
 58602 | Zig:10   | Entered Level 10 of a ziggurat
 58814 | Zig:11   | Entered Level 11 of a ziggurat
 58880 | Zig:11   | Found the +1 cloak of Starlight {rElec rC+ EV+4 Stlth--}
 59023 | Zig:12   | Entered Level 12 of a ziggurat
 59046 | Zig:12   | Received a gift from Trog
 59066 | Zig:12   | HP: 1/196 [bone dragon (10)]
 59218 | Zig:12   | Found the +7 longbow "Piercer" {penet, EV-2}
 59390 | Zot:1    | Reached skill level 27 in Fighting
 59751 | Zot:1    | Noticed an orb of fire
 59752 | Zot:1    | Reached skill level 27 in Armour
 59757 | Zot:1    | Gained mutation: You sometimes yell uncontrollably at your foes. [an orb of fire]
 59758 | Zot:1    | Reached skill level 1 in Evocations
 59764 | Zot:1    | Killed an orb of fire
 60132 | Zot:2    | Reached skill level 5 in Evocations
 60143 | Zot:2    | Received a gift from Trog
 61335 | Zot:2    | Lost mutation: You are dopey. (Int -2) [potion of mutation]
 61335 | Zot:2    | Lost mutation: Your body sometimes deteriorates upon taking damage. [potion of mutation]
 61335 | Zot:2    | Lost mutation: You tend to lose your temper in combat. [potion of mutation]
 61335 | Zot:2    | Lost mutation: You expend magic power (3 MP) to strengthen your wands. [potion of mutation]
 61335 | Zot:2    | Gained mutation: You are agile. (Dex +2) [potion of mutation]
 61336 | Zot:2    | Lost mutation: You are agile. (Dex +2) [potion of mutation]
 61336 | Zot:2    | Lost mutation: Potions are less effective at restoring your health. [potion of mutation]
 61336 | Zot:2    | Lost mutation: You do not regenerate when monsters are visible. [potion of mutation]
 61336 | Zot:2    | Gained mutation: Your movements are slightly less encumbered by armour. (ER -2) [potion of mutation]
 61336 | Zot:2    | Gained mutation: You expend magic power (3 MP) to strengthen your wands. [potion of mutation]
 61336 | Zot:2    | Gained mutation: You have an increased reservoir of magic. (+10% MP) [potion of mutation]
 61824 | Temple   | Entered the Ecumenical Temple
 61877 | Temple   | Fell from the grace of Trog
 61877 | Temple   | Became a worshipper of the Shining One
 62181 | Crypt:1  | Entered Level 1 of the Crypt
 62262 | Crypt:1  | Reached * piety under the Shining One
 62291 | Crypt:1  | Reached ** piety under the Shining One
 62353 | Crypt:1  | Reached *** piety under the Shining One
 62685 | Crypt:1  | Paralysed by Trog for 3 turns
 62844 | Crypt:2  | Reached **** piety under the Shining One
 62874 | Crypt:2  | Reached skill level 10 in Evocations
 63121 | Crypt:2  | Reached ***** piety under the Shining One
 63685 | Crypt:3  | Entered Level 3 of the Crypt
 63727 | Crypt:3  | Reached ****** piety under the Shining One
 63730 | Crypt:3  | Identified a +9 executioner's axe of holy wrath (a +9 executioner's axe of freezing blessed by the Shining One)
 63730 | Crypt:3  | Received a gift from the Shining One
 64057 | Crypt:3  | Got a wavering golden ring
 64063 | Crypt:3  | Got a crude bronze ring
 64063 | Crypt:3  | Got a crude platinum ring
 64063 | Crypt:3  | Got a clouded platinum ring
 64079 | Crypt:3  | Identified the ring of the Ego {rElec rF+ rN+ MP+9 Stlth-} (You found it on level 3 of the Crypt)
 64085 | Crypt:3  | Identified the ring of Silemp {rN+ MR+ Str+4} (You found it on level 3 of the Crypt)
 64087 | Crypt:3  | Identified the ring "Diarhou" {rN+ Int+8} (You found it on level 3 of the Crypt)
 64089 | Crypt:3  | Identified the ring "Liv Xeum" {Wiz Str+4 Dex+6} (You found it on level 3 of the Crypt)
 64294 | Crypt:3  | Found a staircase to the Tomb.
 65090 | Hell     | Entered the Vestibule of Hell
 65090 | Hell     | Noticed Geryon
 65097 | Hell     | Killed Geryon
 65193 | Hell     | Found a gateway to the freezing wastes of Cocytus.
 65202 | Hell     | Reached skill level 15 in Evocations
 65424 | Hell     | Found a gateway to the ashen valley of Gehenna.
 65533 | Hell     | Found a gateway to the Iron City of Dis.
 65621 | Hell     | Found a gateway to the decaying netherworld of Tartarus.
 65737 | Geh:1    | Entered Level 1 of Gehenna
 65798 | Dis:1    | Entered Level 1 of the Iron City of Dis
 67288 | Dis:4    | You are sucked into a shaft for 2 floors!
 68800 | Dis:7    | Entered Level 7 of the Iron City of Dis
 68940 | Dis:7    | Noticed filthincarnate's ghost (legendary GnWn)
 68988 | Dis:7    | The Shining One protects you from harm!
 68994 | Dis:7    | Killed filthincarnate's ghost
 69335 | Dis:7    | Reached skill level 1 in Invocations
 69427 | Dis:7    | Reached skill level 5 in Invocations
 69985 | Dis:7    | Reached skill level 10 in Invocations
 70132 | Dis:7    | Noticed Dispater
 70152 | Dis:7    | Killed Dispater
 70169 | Dis:7    | Got an iron rune of Zot
 71883 | Geh:4    | Reached skill level 15 in Invocations
 72354 | Geh:5    | Was forgiven by Trog
 72861 | Geh:7    | Entered Level 7 of Gehenna
 73080 | Geh:7    | Noticed the Serpent of Hell
 73117 | Geh:7    | Killed the Serpent of Hell
 73367 | Geh:7    | Noticed Asmodeus
 73385 | Geh:7    | Killed Asmodeus
 73397 | Geh:7    | Got an obsidian rune of Zot
 73877 | Tar:1    | Entered Level 1 of Tartarus
 77597 | Tar:7    | Entered Level 7 of Tartarus
 77855 | Tar:7    | Noticed Ereshkigal
 77881 | Tar:7    | Killed Ereshkigal
 77894 | Tar:7    | Got a fine ivory ring
 77898 | Tar:7    | Identified the cursed ring of Hufou {rF+ AC-3 Str+6} (You found it on level 7 of Tartarus)
 78091 | Tar:7    | Got a bone rune of Zot
 78487 | Coc:1    | Entered Level 1 of Cocytus
 80061 | Coc:6    | Reached skill level 27 in Invocations
 80291 | Coc:7    | Entered Level 7 of Cocytus
 80766 | Coc:7    | Noticed Antaeus
 80788 | Coc:7    | Killed Antaeus
 80844 | Coc:7    | Got an icy rune of Zot
 81261 | Temple   | Fell from the grace of the Shining One
 81261 | Temple   | Became a worshipper of Zin the Law-Giver
 81261 | Temple   | Reached * piety under Zin
 81261 | Temple   | Reached ** piety under Zin
 81261 | Temple   | Reached *** piety under Zin
 81261 | Temple   | Reached **** piety under Zin
 81261 | Temple   | Reached ***** piety under Zin
 81262 | Temple   | Donated 6562 gold pieces to Zin
 81275 | Temple   | Donated 3281 gold pieces to Zin
 81554 | Lair:4   | Reached ****** piety under Zin
 81555 | Lair:4   | Donated 1640 gold pieces to Zin
 81602 | Slime:1  | Entered Level 1 of the Pits of Slime
 81652 | Slime:2  | HP: 4/199 [acid (16)]
 81653 | Slime:2  | HP: 1/199 [acid (10)]
 81653 | Slime:2  | Zin protects you from harm!
 81655 | Slime:2  | Splashed by an acid blob's acid

Skill      XL: |  1  2  3  4  5  6  7  8  9 10 11 12 13 14 15 16 17 18 19 20 21 22 23 24 25 26 27 |
---------------+----------------------------------------------------------------------------------+-----
Axes           | 3 4 5 6 7 9 10 12 13 15 16 17 18 19 20 21 22 23 24 25 26 27 | 27.0
Armour         | 3 4 5 6 7 9 10 11 12 14 15 16 17 18 19 20 21 22 23 24 27 | 27.0
Fighting       | 4 5 6 8 9 10 12 13 14 15 16 17 18 19 20 21 22 23 24 27 | 27.0
Evocations     | 26 | 26.7
Invocations    | 27 | 27.0
Dodging        | |  1.5

Action                   |  1- 3 |  4- 6 |  7- 9 | 10-12 | 13-15 | 16-18 | 19-21 | 22-24 | 25-27 || total
-------------------------+-------+-------+-------+-------+-------+-------+-------+-------+-------++-------
Melee: Hand axe          |    94 |   184 |   184 |       |       |       |       |       |       ||   462
       War axe           |       |       |   203 |       |       |       |       |       |       ||   203
       Battleaxe         |       |       |     9 |   453 |     8 |       |       |       |       ||   470
       Executioner's axe |       |       |       |       |   972 |   996 |  1001 |  1015 |  5664 ||  9648
Invok: Berserk           |       |     1 |     3 |     3 |     8 |     4 |     3 |     6 |     6 ||    34
       Burn Spellbooks   |       |       |     2 |     4 |     4 |     1 |     7 |     3 |    18 ||    39
       Trog's Hand       |       |       |       |     1 |       |     1 |       |     5 |     4 ||    11
       Brothers in Arms  |       |       |       |       |       |       |       |     2 |       ||     2
       Cleansing Flame   |       |       |       |       |       |       |       |       |     9 ||     9
       Summon Divine War |       |       |       |       |       |       |       |       |     4 ||     4
       Donate Gold       |       |       |       |       |       |       |       |       |     3 ||     3
       Divine Shield     |       |       |       |       |       |       |       |       |     1 ||     1
       Brand Weapon With |       |       |       |       |       |       |       |       |     1 ||     1
 Abil: Fly               |       |       |       |       |     1 |       |       |       |       ||     1
Evoke: Wand              |       |       |       |       |     5 |     2 |       |     1 |     2 ||    10
  Use: Scroll            |     6 |     8 |     3 |     5 |    24 |     9 |     3 |    16 |    30 ||   104
       Potion            |     1 |     4 |     3 |     1 |     6 |       |       |     3 |    17 ||    35
 Stab: Invisible         |       |       |       |       |     1 |       |       |       |       ||     1
       Distracted        |       |       |       |       |       |     1 |       |       |       ||     1
       Petrifying        |       |       |       |       |       |       |       |       |     1 ||     1
  Eat: Chunk             |     1 |       |     9 |    38 |    38 |    10 |    24 |    14 |    41 ||   175
       Ration            |       |     2 |     1 |       |     2 |     6 |     2 |     6 |    25 ||    44
Armor: Animal skin       |    18 |       |       |       |       |       |       |       |       ||    18
       Ring mail         |    21 |    35 |       |       |       |       |       |       |       ||    56
       Chain mail        |       |    75 |   210 |       |       |       |       |       |       ||   285
       Plate armour      |       |       |   133 |   517 |  1255 |  1274 |  1099 |   363 |       ||  4641
       Skin              |       |       |    11 |       |       |       |       |       |       ||    11
       Gold dragon scale |       |       |       |       |       |       |       |   797 |  5437 ||  6234
Dodge: Dodged            |    58 |    99 |   260 |   286 |   576 |   513 |   441 |   381 |  1828 ||  4442
Block: Other             |       |       |       |       |    21 |       |       |       |     1 ||    22
